 Dungeon Crawl Stone Soup version 0.17-a0-1464-g59a308b (webtiles) character file.

302 Lirar the Cutter (level 6, -1/41 HPs)
             Began as a Demonspawn Enchanter on June 30, 2015.
             Slain by a gnoll
             ... wielding a +0 spear
              (4 damage)
             ... on level 3 of the Dungeon on July 1, 2015.
             The game lasted 00:08:07 (4325 turns).

Lirar the Cutter (Demonspawn Enchanter)             Turns: 4325, Time: 00:08:07

Health: -1/41      AC:  4    Str:  9    XL:     6   Next: 14%
Magic:  0/9        EV: 12    Int: 18    God:
Gold:   98         SH:  0    Dex: 13    Spells: 2 memorised, 6 levels left

rFire  + . .     SeeInvis .     a - +1 dagger
rCold  . . .     Clarity  .     b - +1 robe
rNeg   . . .     SustAt   .     (no shield)
rPois  .         Gourm    .     (no helmet)
rElec  .         Spirit   .     (no cloak)
rCorr  .         Warding  .     (no gloves)
rMut   .         Stasis   .     j - +0 pair of boots
MR     +....                    (no amulet)
Stlth  ++++......               l - ring of loudness (curse)
                                o - ring of protection from magic

@: very slightly contaminated, somewhat resistant to hostile enchantments,
stealthy
A: fire resistance 1, nightstalker 3
a: no special abilities


You were on level 3 of the Dungeon.
You were not hungry.

You visited 1 branch of the dungeon, and saw 3 of its levels.

You collected 98 gold pieces.

Inventory:

Hand weapons
 a - a +1 dagger (weapon)
Armour
 b - a +1 robe (worn)
 j - a +0 pair of boots (worn)
 q - the +2 chain mail of the Blind Marksman {+Inv rC- Slay+3, unknown}
   (You found it on level 3 of the Dungeon)

   It affects your accuracy and damage with ranged weapons and melee attacks
   (+3).
   It makes you vulnerable to cold.
   It lets you turn invisible.
Jewellery
 i - an uncursed ring of protection from cold
 l - a cursed ring of loudness (right hand)
 o - a ring of protection from magic (left hand)
Magical devices
 p - a wand of polymorph (20)
 s - a wand of fireball (10)
 t - a wand of magic darts (27)
Potions
 d - a potion of invisibility {unknown}
 e - a potion of cancellation {unknown}
 f - 2 potions of curing {unknown}
 k - a potion of brilliance {unknown}
 m - a potion of heal wounds {unknown}
Books
 c - a book of Maledictions

   Spells                             Type                      Level
   a - Corona                         Hexes                        1
   b - Ensorcelled Hibernation        Hexes/Ice                    2
   c - Confuse                        Hexes                        3
   d - Tukima's Dance                 Hexes                        3
   e - Dazzling Spray                 Conjuration/Hexes            3
 n - a book of Burglary

   Spells                             Type                      Level
   a - Swiftness                      Charms/Air                   2
   b - Passwall                       Transmutation/Earth          3
   c - Passage of Golubria            Translocation                4
   d - Lee's Rapid Deconstruction     Earth                        5
   e - Invisibility                   Hexes                        6
   f - Darkness                       Hexes                        7
Comestibles
 g - 3 meat rations
 h - a slice of pizza


   Skills:
 + Level 5.7 Short Blades
 - Level 1.7 Dodging
 - Level 2.6 Stealth
 - Level 2.0 Spellcasting
 - Level 3.0 Hexes


You had 6 spell levels left.
You knew the following spells:

 Your Spells              Type           Power        Failure   Level  Hunger
a - Corona                Hex            ##.....      6%          1    #......
b - Ensorcelled Hibernat  Hex/Ice        #.....       14%         2    ###....


Dungeon Overview and Level Annotations

Branches:
Dungeon (3/15)

Altars:
Makhleb
Qazlal
The Shining One


Innate Abilities, Weirdness & Mutations

Your flesh is heat resistant.
You are completely attuned to the shadows.


Message History

The gnoll is severely wounded.
The gnoll hits you with a spear!
You barely miss the gnoll.
The gnoll is severely wounded.
You barely miss the gnoll.
The gnoll is severely wounded.
The gnoll hits you with a spear.
You hit the gnoll.
The gnoll is severely wounded.
The gnoll hits you but does no damage.
You barely miss the gnoll.
The gnoll is severely wounded.
You hit the gnoll.
The gnoll is almost dead.
The gnoll hits you with a spear!
* * * LOW HITPOINT WARNING * * *
You hit the gnoll but do no damage.
The gnoll is almost dead.
The gnoll hits you with a spear.
You die...

#........§...........####..##
##..≈≈..........≈§..####..###
#...≈†.........≈..####..## #
#.#...............###..##
#.##.....§≈§..........###
#.###....§§§............##
#........................###
##########................#.
#.@................
#g.................
#............<.....
##.................
##................
####.............)..
#..............####.
#.###..........##### #.#
###..†.......>..


You could see a gnoll.

Vanquished Creatures
  A centaur skeleton (D:3)
  Crazy Yiuf (D:3)
  Ijyb (D:2)
  Jessica (D:2)
  Natasha (thrice) (D:3)
  An orc wizard (D:3)
  A gnoll (D:3)
  3 adders
  2 oozes
  An adder skeleton (D:3)
  A worm (D:2)
  4 orcs (D:3)
  6 bats
  5 giant cockroaches
  5 goblins
  11 hobgoblins
  7 jackals (D:3)
  5 kobolds
  2 quokkas
  A ball python (D:3)
  4 giant geckos
  3 giant newts (D:1)
  8 rats
  A fungus (D:3)
78 creatures vanquished.

Notes
Turn   | Place    | Note
--------------------------------------------------------------
     0 | D:1      | Lirar the Demonspawn Enchanter began the quest for the Orb.
     0 | D:1      | Reached XP level 1. HP: 13/13 MP: 3/3
    20 | D:1      | Reached skill level 1 in Short Blades
   282 | D:1      | Gained mutation: You are slightly more attuned to the shadows. [demonic ancestry]
   282 | D:1      | Reached XP level 2. HP: 17/19 MP: 5/5
  1607 | D:2      | Learned a level 2 spell: Ensorcelled Hibernation
  1622 | D:2      | Found a glowing golden altar of the Shining One.
  1648 | D:2      | Noticed Ijyb
  1664 | D:2      | Killed Ijyb
  1664 | D:2      | Gained mutation: You are significantly more attuned to the shadows. [demonic ancestry]
  1664 | D:2      | Reached XP level 3. HP: 15/24 MP: 4/6
  1788 | D:2      | Found a burning altar of Makhleb.
  2287 | D:2      | Reached XP level 4. HP: 25/30 MP: 2/7
  2361 | D:2      | Noticed Jessica
  2364 | D:2      | Killed Jessica
  2364 | D:2      | Reached skill level 4 in Short Blades
  3016 | D:3      | Got an aquamarine-encrusted chain mail
  3050 | D:3      | Noticed Natasha
  3054 | D:3      | Killed Natasha
  3054 | D:3      | Gained mutation: You are completely attuned to the shadows. [demonic ancestry]
  3054 | D:3      | Reached XP level 5. HP: 31/35 MP: 8/8
  3213 | D:3      | Reached skill level 5 in Short Blades
  3231 | D:3      | Noticed Natasha
  3346 | D:3      | Killed Natasha
  3597 | D:3      | Noticed Natasha
  3600 | D:3      | Killed Natasha
  3633 | D:3      | Found a stormy altar of Qazlal.
  3800 | D:3      | Noticed Crazy Yiuf
  3804 | D:3      | Killed Crazy Yiuf
  3804 | D:3      | Gained mutation: Your flesh is heat resistant. [demonic ancestry]
  3804 | D:3      | Reached XP level 6. HP: 41/41 MP: 9/9
  4325 | D:3      | Slain by a gnoll

Vault maps used:
D:1:      tarquinn_simple_flora_water_b
D:2:      lemuel_coloured_pillars_altar, tso_altar, uniq_jessica, uniq_iyjb
D:3:      nicolae_overflow_crystal_walls, dk_noncrumbling_4,
          kennysheep_decorative_pillar, minmay_misc_feat_secret_circle,
          uniq_crazy_yiuf_cottage, uniq_natasha

Action                   |  1- 3 |  4- 6 || total
-------------------------+-------+-------++-------
Melee: Dagger            |   121 |   231 ||   352
 Cast: Corona            |     1 |     1 ||     2
       Ensorcelled Hiber |     3 |    15 ||    18
  Use: Scroll            |     1 |     3 ||     4
 Stab: Sleeping          |    13 |    21 ||    34
  Eat: Chunk             |     2 |     3 ||     5
       Bread ration      |     1 |     1 ||     2
